Map: King's Cove LE

Players

brandon - Winner!

  • Race: Protoss Protoss
  • League: Gold
  • Spawn Location: 11:00

GangusKaun

  • Race: Protoss Protoss
  • League: Gold
  • Spawn Location: 5:00

VOD

Have the link to the VOD?

Description

Time

  • Played on: Dec. 6, 2024, 2:09 p.m.
  • Length: 16:56
Show
View Real Time Build Order
Export as new Build Order

brandon Protoss - Winner!

Build Orders: Oracle Opening, Carriers, Carrier Rush 

Get SALT Encoding   

  12  0:02  Probe  
  13  0:17  Probe  
  14  0:24  Pylon  
  14  0:29  Probe  
  15  0:42  Probe  
  16  0:48  Gateway  
  16  0:52  Probe  
  16  0:56  Assimilator  
  17  1:00  Probe  
  17  1:01  Assimilator  
  17  1:08  Probe  
  19  1:20  Probe  
  20  1:32  Probe  
  21  1:36  Cybernetics Core  
  21  1:40  Probe  
  22  1:48  Probe  
  22  1:50  Pylon  
  23  2:01  Forge  
  23  2:08  Probe  
  24  2:15  Stargate  
  24  2:17  Pylon  
  24  2:19  Stalker  
  24  2:20  Probe  
  27  2:32  Probe  
  28  2:52  Nexus  
  28  2:58  Oracle  
  31  3:19  Fleet Beacon  
  31  3:22  Probe  
  32  3:34  Probe  
  33  3:46  Probe  
  34  3:51  Warp Gate  
  34  3:55  Robotics Facility  
  34  3:59  Gateway, Probe  
  34  4:00  Gateway  
  34  4:02  Stalker  
  34  4:39  Probe x2  
  34  4:41  Carrier  
  42  4:51  Probe  
  43  5:03  Probe x2  
  43  5:05  Pylon  
  45  5:08  Assimilator  
  45  5:10  Assimilator  
  45  5:12  Stalker  
  45  5:14  Shield Battery  
  45  5:15  Shield Battery, Probe x2  
  53  5:21  Immortal  
  53  5:27  Robotics Bay  
  53  5:32  Pylon  
  53  5:40  Probe x2  
  55  5:53  Tempest  
  59  6:10  Stargate  
  59  6:12  Probe x2  
  59  6:16  Stalker  
  59  6:17  Stalker  
  65  6:18  Stalker  
  67  6:33  Probe x2  
  69  6:43  Protoss Air Weapons Level 1  
  69  6:52  Nexus  
  69  6:55  Pylon  
  69  6:57  Pylon  
  69  7:04  Carrier  
  69  7:06  Pylon  
  69  7:08  Probe, Pylon  
  69  7:13  Probe  
  77  7:35  Carrier  
  81  7:59  Shield Battery  
  81  8:24  Assimilator  
  81  8:26  Assimilator  
  81  8:34  Stalker x3  
  81  8:37  Carrier  
  93  9:25  Carrier  
  93  9:27  Immortal  
  93  9:30  Stalker x2  
  107  9:37  Unknown  
  107  9:41  Carrier  
  113  9:49  Probe  
  113  9:50  Probe x2  
  116  10:12  Stargate  
  116  10:14  Pylon  
  116  10:16  Pylon  
  116  10:18  Pylon  
  116  10:20  Protoss Ground Weapons Level 1  
  116  10:30  Probe  
  116  10:32  Probe, Colossus  
  116  10:34  Tempest  
  128  10:36  Protoss Air Weapons Level 2  
  128  10:45  Tempest  
  132  11:16  Stalker x2  
  132  11:17  Stalker  
  138  11:28  Forge  
  138  11:32  Colossus  
  138  11:34  Pylon  
  138  11:36  Pylon  
  134  11:40  Twilight Council  
  134  11:41  Tempest  
  132  11:59  Tempest x2  
  132  12:01  Protoss Shields Level 1  
  140  12:16  Probe x2  
  140  12:17  Protoss Ground Armor Level 1, Probe  
  143  12:28  Nexus  
  139  12:30  Assimilator  
  139  12:34  Assimilator  
  133  13:23  Carrier  
  133  13:24  Carrier  
  145  13:35  Carrier  
  151  14:06  Probe  
  152  14:10  Probe x2  
  152  14:14  Observer  
  141  14:18  Probe  
  127  14:30  Probe  
  127  14:42  Probe  
  128  14:46  Observer  
  102  15:58  Probe x4  
  106  16:10  Probe x4  
  128  16:20  Assimilator x2  
  128  16:29  Stalker x2  
  128  16:30  Stalker  
Show
View Real Time Build Order
Export as new Build Order

GangusKaun Protoss 

Build Orders: 1 Gate Expand 

Get SALT Encoding   

  12  0:00  Probe  
  13  0:13  Probe  
  14  0:21  Pylon  
  14  0:25  Probe  
  15  0:39  Probe  
  16  0:43  Gateway  
  16  0:49  Assimilator  
  16  0:51  Probe  
  17  1:10  Probe  
  18  1:22  Probe  
  19  1:30  Nexus  
  19  1:44  Cybernetics Core  
  19  1:47  Zealot  
  19  1:52  Probe  
  21  2:04  Probe  
  22  2:13  Assimilator  
  22  2:17  Warp Gate  
  22  2:18  Pylon  
  22  2:33  Gateway  
  22  2:36  Zealot  
  24  2:39  Probe  
  25  2:47  Probe  
  25  2:56  Robotics Facility  
  26  3:05  Shield Battery  
  26  3:11  Probe  
  27  3:13  Probe  
  28  3:20  Assimilator  
  28  3:23  Probe  
  28  3:24  Stalker  
  28  3:25  Probe  
  30  3:31  Sentry  
  34  3:35  Probe  
  35  3:49  Probe  
  35  3:51  Immortal  
  40  4:07  Twilight Council, Probe  
  41  4:11  Probe  
  41  4:20  Probe  
  41  4:25  Stalker x2  
  41  4:30  Observer  
  46  4:35  Blink  
  46  4:45  Pylon  
  46  4:47  Pylon  
  46  5:03  Immortal, Probe x2  
  52  5:15  Probe  
  52  5:16  Probe  
  54  5:24  Probe x2  
  54  5:25  Pylon  
  55  5:29  Assimilator  
  55  5:32  Probe, Observer  
  56  5:36  Probe  
  56  5:41  Probe  
  59  5:52  Probe  
  59  5:53  Probe  
  61  6:04  Shield Battery, Probe  
  61  6:05  Probe  
  61  6:08  Stalker x2  
  67  6:25  Gateway x2  
  67  6:28  Probe x2  
  69  6:40  Probe  
  70  7:18  Pylon  
  70  7:22  Probe  
  69  7:25  Immortal  
  51  7:48  Stalker x4  
  59  8:03  Templar Archives  
  59  8:06  Dark Shrine  
  59  8:18  Probe  
  60  8:37  Nexus, Stalker x4  
  60  8:39  Pylon  
  68  8:41  Pylon  
  68  8:43  Shield Battery x2  
  67  8:53  Gateway  
  67  8:54  Gateway  
  60  9:18  Stalker x3  
  60  9:19  Stalker  
  68  9:47  Probe x2  
  68  9:52  Probe  
  71  9:57  Stalker  
  71  9:58  Stalker x5  
  71  9:59  Probe x2  
  85  10:04  Probe  
  86  10:11  Probe x2  
  88  10:24  Stargate  
  88  10:26  Assimilator  
  88  10:27  Stargate  
  88  10:28  Assimilator  
  88  10:30  Shield Battery  
  88  10:32  Shield Battery  
  88  10:33  High Templar x2  
  88  10:34  Shield Battery, Stargate, High Templar x4  
  100  10:39  Archon x3  
  100  10:42  Probe x2  
  102  10:43  Probe  
  103  10:54  Probe  
  104  11:18  Nexus  
  104  11:19  Pylon  
  104  11:20  Assimilator  
  104  11:22  Pylon  
  104  11:23  Assimilator  
  108  11:28  Void Ray  
  108  11:39  Void Ray  
  96  11:57  Void Ray  
  96  12:01  Void Ray  
  104  12:16  Void Ray  
  108  12:40  Void Ray  
  108  12:44  Void Ray  
  102  12:59  Void Ray  
  102  13:04  Stalker x2  
  102  13:05  Stalker x3  
  92  13:23  Void Ray  
  90  13:27  Void Ray  
  90  13:42  Void Ray  
  90  13:46  Dark Templar x3  
  90  13:47  Dark Templar x2  
  96  14:06  Void Ray  
  100  14:10  Void Ray  
  88  14:25  Void Ray  
  82  14:49  Void Ray  
  84  14:53  Void Ray  
  85  15:08  Void Ray  
  71  15:32  Void Ray  
  67  15:36  Void Ray  
  67  15:41  Fleet Beacon  
  67  15:46  Pylon  
  67  15:48  Pylon  
  70  15:51  Void Ray  
  70  15:53  Gateway  
  70  15:54  Gateway  
  70  15:55  Dark Templar x4  
  70  15:56  Gateway  
  73  16:15  Void Ray  
  58  16:34  Dark Templar x2  
Tags
 
Add a new tag
Caveats
  • Supply blocks, unpowered buildings, or Contaminate may cause inaccurate times.
  • Supply counts are checked every 10 seconds.